 Dungeon Crawl Stone Soup version 0.17-a0-2069-g0f4ee5b (webtiles) character file.

2080 brucemayne the Cleaver (level 9, -10/73 HPs)
             Began as a Deep Dwarf Gladiator on Oct 13, 2015.
             Mangled by an orc warrior
             ... wielding a +2 flail of crushing
              (15 damage)
             ... on level 9 of the Dungeon.
             The game lasted 00:14:58 (2510 turns).

brucemayne the Cleaver (Deep Dwarf Gladiator)       Turns: 2510, Time: 00:14:58

Health: -10/73     AC: 13    Str: 20    XL:     9   Next: 6%
Magic:  9/9        EV:  7    Int: 11    God:
Gold:   227        SH:  0    Dex: 13    Spells: 0 memorised, 8 levels left

rFire  . . .     SeeInvis .     a - +0 war axe
rCold  . . .     Clarity  .     j - +1 plate armour
rNeg   . . .     SustAt   .     (no shield)
rPois  .         Gourm    .     c - +0 helmet
rElec  .         Spirit   .     (no cloak)
rCorr  .         Warding  .     (no gloves)
rMut   .         Stasis   .     (no boots)
MR     +....                    (no amulet)
Stlth  ..........               (no ring)
                                (no ring)

@: non-regenerating, drained, somewhat resistant to hostile enchantments,
extremely unstealthy
A: damage resistance, recharge devices, sense surroundings 2, slow regeneration
3
a: Device Recharging


You were on level 9 of the Dungeon.
You were not hungry.

You visited 2 branches of the dungeon, and saw 10 of its levels.

You collected 227 gold pieces.

Inventory:

Hand Weapons
 a - a +0 war axe (weapon)
 q - a +1 hand axe of chopping
 v - a +0 blowgun
 A - a +1 whip of draining
Missiles
 d - a throwing net (quivered)
 l - 23 poisoned needles
Armour
 b - a +0 leather armour
 c - a +0 helmet (worn)
 h - a +0 ring mail
 j - a +1 plate armour (worn)
 x - a +0 helmet
Jewellery
 y - a +2 ring of protection {unknown}
Wands
 e - a wand of heal wounds (0)
 C - a wand of lightning (8)
 D - a wand of teleportation (3)
Scrolls
 k - a scroll of enchant armour
 n - 2 scrolls of identify
 p - 2 scrolls of remove curse
 B - a scroll of random uselessness {unknown}
Potions
 g - 6 potions of degeneration
 i - a potion of heal wounds {unknown}
 m - a potion of agility {unknown}
 s - 4 potions of curing
 t - a potion of mutation {unknown}
 u - a potion of haste {unknown}
 w - a potion of might {unknown}
Comestibles
 f - 4 bread rations
 o - a chunk of flesh
 r - 2 meat rations


   Skills:
 - Level 1.7(1.4) Fighting
 + Level 12.6(12.2) Axes
 - Level 1.7(1.4) Throwing
 - Level 3.1(2.7) Armour
 - Level 3.2(2.9) Dodging


You had 8 spell levels left.
You didn't know any spells.

Dungeon Overview and Level Annotations

Branches:
Dungeon (9/15)             Temple (1/1) D:5
   Lair: D:8-11         Orc: D:9-12

Altars:
Cheibriados
Dithmenos
Elyvilon
Fedhas
Kikubaaqudgha
Nemelex Xobeh
Okawaru
Ru
Trog
Xom
Yredelemnul
The Shining One

Annotations:
D:8 Grum


Innate Abilities, Weirdness & Mutations

You are resistant to damage.
You can recharge devices by infusing magical energy.
You passively map the area around you.
You do not regenerate naturally.


Message History

You slash the orc warrior!
The orc warrior is heavily wounded.
You hit the orc.
The orc is severely wounded.
The orc hits you but does no damage.
Unknown command.
You hit the orc warrior.
The orc warrior is heavily wounded.
You hit the orc but do no damage.
The orc is severely wounded.
The orc warrior hits you with a flail of crushing!!
* * * LOW HITPOINT WARNING * * *
x2 The orc hits you but does no damage.
You closely miss the orc warrior.
The orc warrior is heavily wounded.
You hit the orc.
The orc is almost dead.
The orc hits you but does no damage.
The orc warrior hits you with a flail of crushing!!
You die...

* * ** * * + ,
* , , , ,, , ,
, , , ,, ,, ,
* * , * + , ,,
, , * , , ,, ,
, , , , , * ,
, * #. * ** *
* ,
#...######## ,
, ,
,#.....@o...#*
#.....o†...#
,,
,#..$.......#
, ,
#..........# *
#..........# ,
, , ,
,#....#######
,,* #....* ,,
, #...., , * ,
* , , ,, , **
*


You could see an orc warrior and an orc.

Vanquished Creatures
  Joseph (D:8)
  Prince Ribbit (D:8)
  2 wolves
  An orc warrior (D:6)
  3 centaurs
  A crocodile (D:7)
  An ogre (D:4)
  3 giant frogs
  3 scorpions
  A crimson imp (D:7)
  2 orc wizards (D:4)
  2 hounds
  An iguana (D:4)
  A jelly (D:5)
  An orc priest (D:4)
  Terence (D:3)
  2 worker ants
  A hound skeleton (D:4)
  Robin (D:3)
  5 adders (D:4)
  A shadow imp (D:7)
  An ooze (D:1)
  A worm (D:2)
  3 giant geckos
  9 orcs
  8 bats
  3 giant cockroaches
  15 goblins
  10 hobgoblins
  7 jackals
  5 kobolds
  5 quokkas
  4 ball pythons
  A giant gecko skeleton (D:4)
  2 giant newts
  A jackal skeleton (D:5)
  8 rats
118 creatures vanquished.

Notes
Turn   | Place    | Note
--------------------------------------------------------------
     0 | D:1      | brucemayne the Deep Dwarf Gladiator began the quest for the Orb.
     0 | D:1      | Reached XP level 1. HP: 19/19 MP: 1/1
    94 | D:1      | Reached XP level 2. HP: 23/26 MP: 2/2
   100 | D:1      | Reached skill level 4 in Axes
   309 | D:2      | Reached XP level 3. HP: 17/32 MP: 3/3
   486 | D:3      | Noticed Terence
   504 | D:3      | Killed Terence
   504 | D:3      | Reached skill level 1 in Armour
   605 | D:3      | Reached XP level 4. HP: 12/39 MP: 4/4
   694 | D:2      | Reached skill level 5 in Axes
   806 | D:3      | Noticed Robin
   853 | D:3      | Killed Robin
   964 | D:4      | Reached XP level 5. HP: 32/45 MP: 5/5
   986 | D:4      | Reached skill level 6 in Axes
  1044 | D:4      | Noticed an ogre
  1071 | D:4      | Killed an ogre
  1071 | D:4      | Reached XP level 6. HP: 33/52 MP: 6/6
  1077 | D:4      | Reached skill level 7 in Axes
  1290 | D:5      | Entered Level 5 of the Dungeon
  1371 | D:5      | Found a staircase to the Ecumenical Temple.
  1381 | Temple   | Entered the Ecumenical Temple
  1452 | D:5      | Reached skill level 8 in Axes
  1452 | D:5      | Reached XP level 7. HP: 49/58 MP: 7/7
  1540 | D:4      | Found a sacrificial altar of Ru.
  1682 | D:1      | Found a snail-covered altar of Cheibriados.
  1911 | D:5      | Reached skill level 9 in Axes
  2043 | D:7      | Reached skill level 10 in Axes
  2058 | D:7      | Reached XP level 8. HP: 36/66 MP: 8/8
  2065 | D:7      | Found a white marble altar of Elyvilon.
  2339 | D:8      | Noticed Joseph
  2394 | D:8      | Killed Joseph
  2394 | D:8      | Reached skill level 11 in Axes
  2414 | D:8      | Noticed Prince Ribbit
  2415 | D:8      | Noticed Grum
  2463 | D:8      | Reached skill level 12 in Axes
  2491 | D:8      | Killed Prince Ribbit
  2491 | D:8      | Gained mutation: You passively map the area around you. [Deep Dwarf growth]
  2491 | D:8      | Reached XP level 9. HP: 47/73 MP: 9/9
  2510 | D:9      | Mangled by an orc warrior

Vault maps used:
D:1:      scummos_arrival_forest, serial_corexii_hall, corexii_hall_statues_u,
          corexii_hall_statues_s, corexii_hall_statues_i,
          corexii_hall_statues_t, cheibriados_altar_1
D:3:      first_bread, kennysheep_boxes, uniq_terence, uniq_robin
D:4:      kennysheep_doodads, nicolae_ru_great_annihilating_truth
D:5:      temple_hall, hangedman_decor_growths
D:6:      kennysheep_mini_moat, lightli_temple_of_fire,
          gammafunk_temple_overflow_statue
D:7:      elyvilon_altar_4
D:8:      kennysheep_mini, hangedman_pestilent_swarm, uniq_grum,
          uniq_prince_ribbit1, uniq_joseph
D:9:      gammafunk_temple_overflow_elements
Temple:   circular_temple_12

Action                   |  1- 3 |  4- 6 |  7- 9 || total
-------------------------+-------+-------+-------++-------
Melee: War axe           |   113 |       |   143 ||   256
       Hand axe          |     5 |   192 |    67 ||   264
Throw: Throwing net      |       |     7 |     1 ||     8
Evoke: Wand              |       |     3 |    12 ||    15
  Use: Scroll            |       |     5 |     3 ||     8
 Stab: Held in net/web   |       |     8 |       ||     8
       Paralysed         |       |       |     2 ||     2
  Eat: Chunk             |       |     1 |     2 ||     3
       Pizza             |       |     1 |       ||     1
       Beef jerky        |       |       |     1 ||     1
